 Dungeon Crawl Stone Soup version 0.27-a0-1232-gc6a4cbde82 (webtiles) character file.

Game seed: 17411049694105760901

288 bjtr the Digger (level 6, -2/35 HPs)
             Began as a Gargoyle Earth Elementalist on June 9, 2021.
             Slain by a gnoll
             ... wielding a +0 halberd
              (12 damage)
             ... on level 4 of the Dungeon.
             The game lasted 00:14:31 (3442 turns).

bjtr the Digger (Gargoyle Earth Elementalist)       Turns: 3442, Time: 00:14:31

Health: -2/35      AC:  7    Str: 12    XL:     6   Next: 31%
Magic:  7/10       EV:  6    Int: 17    God:
Gold:   159        SH:  0    Dex: 10    Spells: 7/11 levels left

rFire    . . .     SeeInvis .   h - +4 dagger
rCold    . . .     Faith    .   (no shield)
rNeg     + . .     Spirit   .   c - +1 robe
rPois    ∞         Reflect  .   (no helmet)
rElec    +         Harm     .   (no cloak)
rCorr    .         Rampage  .   (no gloves)
Will     .....                  (no boots)
Stlth    ++........             (no amulet)
HPRegen  0.11/turn              (no ring)
MPRegen  0.12/turn              (no ring)

@: held
A: sickness immunity, AC +4, negative energy resistance 1, electricity
resistance, torment resistance 1, petrification resistance
a: no special abilities


You were on level 4 of the Dungeon.
You visited 1 branch of the dungeon, and saw 4 of its levels.

You collected 159 gold pieces.

Inventory:

Hand Weapons
 d - a +0 whip
 f - a +0 dagger
 g - a +0 flail
 h - a +4 dagger (weapon)
 l - a +0 quarterstaff
 n - a +0 hand axe
Missiles
 b - 70 stones
 m - 21 poisoned darts
Armour
 c - a +1 robe (worn)
 k - a +0 tower shield
 o - a +0 leather armour
Scrolls
 a - 3 scrolls of identify
 j - 3 scrolls of teleportation
Potions
 e - 3 potions of might
 i - a potion of cancellation


   Skills:
 * Level 1.7 Fighting
 * Level 1.9 Armour
 * Level 2.2 Dodging
 + Level 2.7 Stealth
 * Level 1.5 Shields
 * Level 3.0 Spellcasting
 * Level 2.0 Conjurations
 + Level 0.7 Transmutations
 * Level 5.1 Earth Magic


You had 7 spell levels left.
You knew the following spells:

 Your Spells              Type           Power      Damage    Failure   Level
a - Sandblast             Erth           40%        2d10      1%          1
b - Stone Arrow           Conj/Erth      28%        3d8       12%         3

Your spell library contained the following spells:

 Spells                   Type           Power      Damage    Failure   Level
 Passwall                 Tmut/Erth      10%        N/A       8%          2
 Vampiric Draining        Necr           1%         2d6       45%         3
 Petrify                  Tmut/Erth      12%        N/A       45%         4
 Lee's Rapid Deconstruct  Erth           10%        3d9*      50%         5
 Death Channel            Necr           1%         N/A       100%        6
 Simulacrum               Ice/Necr       1%         N/A       100%        6


Dungeon Overview and Level Annotations

Branches:
Dungeon (4/15)
 Temple: D:4-7

Altars:


Innate Abilities, Weirdness & Mutations

You are immune to sickness and miasma.
Your stone body is resilient. (AC +4)
You are immune to poison.
You resist negative energy. (rN+)
You are resistant to electric shocks. (rElec)
You are resistant to unholy torment.
You are immune to petrification.


Message History

Confirm with . or Enter, or press ? or * to list all spells.
Aiming: Sandblast (safe; 2% risk of failure)
Press: ? - help, Shift-Dir - straight line, f/p - gnoll shaman
Aim: a gnoll shaman, wielding a +0 club and wearing a +0 leather armour (moderately wounded, 82% to hit)
The blast of sand hits the gnoll shaman!
The gnoll shaman is almost dead.
The gnoll shouts!
Casting: Sandblast (safe; 2% risk of failure)
Confirm with . or Enter, or press ? or * to list all spells.
Aiming: Sandblast (safe; 2% risk of failure)
Press: ? - help, Shift-Dir - straight line, f/p - gnoll shaman
Aim: a gnoll shaman, wielding a +0 club and wearing a +0 leather armour (almost dead, 82% to hit)
The blast of sand hits the gnoll shaman but does no damage.
The gnoll shaman is almost dead.
The gnoll shaman hits you but does no damage.
Casting: Sandblast (safe; 2% risk of failure)
Confirm with . or Enter, or press ? or * to list all spells.
Aiming: Sandblast (safe; 2% risk of failure)
Press: ? - help, Shift-Dir - straight line, f/p - gnoll shaman
Aim: a gnoll shaman, wielding a +0 club and wearing a +0 leather armour (severely wounded, 82% to hit)
The blast of sand hits the gnoll shaman but does no damage.
The gnoll shaman is severely wounded.
A gnoll comes into view. It is wielding a +2 spear of flaming.
The gnoll shouts!
You puncture the gnoll shaman!
You kill the gnoll shaman!
Found a whip.
You hit the gnoll but do no damage. The gnoll barely misses you.
The gnoll throws a throwing net.
The throwing net hits you.
You become entangled in the net!
The gnoll hits you from afar with a +0 halberd!
There is a shaft here.
You see here a throwing net.
You tear a large gash into the net.
The gnoll barely misses you.
The gnoll hits you from afar with a +0 halberd!
You struggle against the net.
The gnoll hits you but does no damage. The gnoll hits you with a +0 whip.
* * * LOW HITPOINT WARNING * * *
The gnoll hits you from afar with a +0 halberd!
You die...

#############*****
#...[!.......,,,,***** #######
#............,,,,,,,,,
......######............,,,,,,,,,
.............g<.@.......,,,,,,,,,
..............ggg.......,,,,,,,,,
#.......#####'#g......##*,,,,,,,,
#.......#......)......# *,,,,,,,,
........#.............# *,,,,,,,,
........#.............#**,,,,,,,,
....#...###.............,,**,,,**
...##...................,,**,,,**
...............#.......),,,,,,,**


You could see 5 gnolls.

Vanquished Creatures
  2 scorpions (D:4)
  A gnoll shaman (D:4)
  An iguana (D:4)
  3 gnolls (D:3)
  An adder (D:4)
  An ufetubus (D:4)
  2 adder skeletons (D:4)
  2 dart slugs
  5 ball pythons
  3 endoplasms
  5 giant cockroaches
  2 goblins
  7 hobgoblins
  7 jackals (D:1)
  3 quokkas
  3 bats
  4 frilled lizards
  6 kobolds
  4 rats
62 creatures vanquished.

Notes
Turn   | Place    | Note
-------+----------+-------------------------------------------
     0 | D:1      | bjtr the Gargoyle Earth Elementalist began the quest for
                  | the Orb.
     0 | D:1      | Reached XP level 1. HP: 10/10 MP: 3/3
   149 | D:1      | Reached XP level 2. HP: 15/15 MP: 3/5
   216 | D:1      | Reached skill level 4 in Earth Magic
   477 | D:1      | Reached XP level 3. HP: 20/20 MP: 2/6
   629 | D:1      | Reached skill level 1 in Armour
   678 | D:1      | Found a faded altar of an unknown god.
   861 | D:1      | Learned a level 3 spell: Stone Arrow
  1807 | D:3      | Reached XP level 4. HP: 8/24 MP: 4/7
  1808 | D:3      | Reached skill level 1 in Fighting
  1808 | D:3      | Reached skill level 1 in Conjurations
  2747 | D:4      | Reached skill level 1 in Shields
  2747 | D:4      | Reached XP level 5. HP: 12/29 MP: 8/8
  3236 | D:4      | Reached skill level 5 in Earth Magic
  3236 | D:4      | Reached XP level 6. HP: 34/34 MP: 8/10
  3277 | D:4      | Identified the Guide on Sinister Earth
  3442 | D:4      | Slain by a gnoll

Illustrated notes

Levels and vault maps discovered:
D:1:      saegor_arrival_simple_e, layout_rooms, basic_ecumenical_altar
D:2:      layout_basic
D:3:      layout_loops_ring, kennysheep_small_spiral
D:4:      layout_basic, nicolae_hepliaklqana_hippocampus, uniq_grinder

Skill      XL: |  1  2  3  4  5  6 |
---------------+-------------------+-----
Earth Magic    | 4 5 |  5.1
Armour         | 1 |  1.9
Fighting       | 1 |  1.7
Conjurations   | 1 2 |  2.0
Shields        | 1 |  1.5
Dodging        | 2 |  2.2
Spellcasting   | 3 |  3.0
Stealth        | |  2.7
Transmutations | |  0.7

Action                   |  1- 3 |  4- 6 || total
-------------------------+-------+-------++-------
Melee: Whip              |    31 |       ||    31
       Dagger            |    45 |    82 ||   127
 Cast: Sandblast         |    27 |    12 ||    39
  Use: Scroll            |     2 |     6 ||     8
       Potion            |       |     1 ||     1
 Stab: Sleeping          |     2 |     1 ||     3
Armor: Robe              |    32 |    27 ||    59
Dodge: Dodged            |    59 |    68 ||   127

Table legend: (Time is in decaauts)
 A = Elapsed time spent in this place.
 B = Non-inter-level travel time spent in this place.
 C = Inter-level travel time spent in this place.
 D = Time resting spent in this place.
 E = Time spent auto-exploring this place.
 F = Levels seen in this place.
 G = Mean time per level.
                   A        B        C        D        E       F      G
               +--------+--------+--------+--------+--------+-----+--------+
         Total |   3458 |   3380 |     78 |    832 |   1962 |   4 |  864.5 |
       Dungeon |   3458 |   3380 |     78 |    832 |   1962 |   4 |  864.5 |
               +--------+--------+--------+--------+--------+-----+--------+

Top non-repeatable levels by time:
     D:3: 955 daAuts
     D:1: 917 daAuts
     D:2: 860 daAuts
     D:4: 725 daAuts
